Map: Ulrena

Players

Eiseleid - Winner!

  • Race: Terran Terran
  • League: Diamond

LilDicky

  • Race: Terran Terran
  • League: Diamond

VOD

http://www.twitch.tv/tumescentpie

Description

Time

  • Played on: Dec. 8, 2015, 9:29 p.m.
  • Length: 13:25
Show
View Real Time Build Order
Export as new Build Order

Eiseleid Terran - Winner!

Build Orders:  

Get SALT Encoding   

  12  0:01  SCV  
  13  0:13  SCV  
  14  0:18  Supply Depot  
  14  0:25  SCV  
  15  0:42  SCV  
  16  0:44  Barracks  
  16  0:46  Refinery  
  16  0:54  SCV  
  17  1:06  SCV  
  18  1:19  SCV  
  19  1:32  Barracks Reactor  
  20  1:33  Orbital Command  
  19  1:45  Command Center  
  19  1:54  Supply Depot  
  19  1:59  SCV  
  20  2:08  Marine x2  
  21  2:11  SCV  
  23  2:17  Factory  
  23  2:25  Marine  
  23  2:26  Marine  
  23  2:28  SCV  
  25  2:41  SCV  
  25  2:43  Marine  
  27  2:44  Marine  
  28  2:57  SCV  
  29  3:00  Refinery  
  29  3:01  Factory Tech Lab  
  29  3:02  Starport  
  29  3:05  Marine x2  
  30  3:11  SCV, Orbital Command  
  32  3:18  Engineering Bay  
  32  3:23  Marine x2  
  34  3:31  Siege Tank  
  37  3:35  SCV  
  37  3:37  SCV  
  39  3:41  Marine x2  
  41  3:51  Missile Turret  
  41  3:54  SCV  
  41  3:55  SCV  
  43  3:57  Missile Turret  
  43  4:03  Viking  
  43  4:09  Supply Depot  
  45  4:17  SCV  
  46  4:25  Missile Turret  
  46  4:31  SCV x2  
  48  4:36  Supply Depot  
  48  4:39  Marine x2  
  48  4:40  Siege Tank  
  53  4:48  SCV  
  54  4:57  SCV, Medivac  
  54  4:58  Supply Depot  
  57  5:00  Terran Infantry Weapons Level 1  
  57  5:02  Supply Depot  
  54  5:23  Siege Tank  
  54  5:28  Medivac  
  59  5:29  SCV x2  
  61  5:44  SCV x2  
  61  5:46  Marine x2  
  65  5:56  SCV, Barracks  
  66  5:57  SCV  
  66  5:58  Barracks  
  67  6:08  SCV  
  67  6:10  SCV  
  69  6:19  Command Center  
  69  6:21  SCV, Marine x2  
  69  6:23  Refinery, Medivac  
  69  6:24  Refinery  
  74  6:39  Marine x2  
  76  6:42  Supply Depot  
  76  6:44  Supply Depot  
  76  6:45  Barracks Tech Lab  
  76  6:46  Barracks Tech Lab  
  76  6:50  Barracks  
  76  6:52  Barracks  
  76  7:01  Siege Tank  
  76  7:04  Missile Turret  
  78  7:10  Missile Turret  
  78  7:15  Missile Turret  
  78  7:18  Marine x2  
  78  7:20  Combat Shields  
  78  7:21  Stimpack  
  78  7:22  Marine x2  
  81  7:33  Siege Tank  
  81  7:35  SCV x2  
  86  7:38  Marine x2  
  86  7:39  Barracks Reactor x2  
  86  7:43  Starport Reactor  
  88  7:45  Marine  
  88  7:46  Marine  
  88  7:47  SCV x2  
  88  7:50  Terran Infantry Armor Level 1  
  92  7:55  Orbital Command  
  92  7:56  Marine  
  93  8:04  Marine x3  
  96  8:07  Siege Tank  
  96  8:12  SCV x2  
  101  8:18  Supply Depot  
  101  8:19  Supply Depot  
  101  8:21  Engineering Bay  
  101  8:23  Armory, Marine  
  101  8:24  SCV x2, Marine x4  
  108  8:30  Refinery  
  108  8:31  SCV  
  108  8:32  Refinery  
  109  8:40  SCV x2  
  111  8:42  Siege Tank  
  111  8:43  Marine x4  
  111  8:44  Marine x2  
  111  8:47  Supply Depot  
  111  8:48  Supply Depot  
  120  8:51  Supply Depot x2, Marine x2  
  122  8:58  Medivac  
  122  9:01  Marine  
  125  9:08  Marine x2  
  125  9:09  SCV x3  
  130  9:10  Supply Depot, Terran Infantry Weapons Level 2  
  130  9:12  Supply Depot  
  130  9:13  Supply Depot  
  130  9:14  Supply Depot  
  130  9:21  SCV x3  
  133  9:30  Marine x8  
  141  9:31  Siege Tank  
  141  9:32  Medivac  
  141  9:33  SCV  
  147  9:47  SCV x3, Marine  
  147  9:49  Marine  
  147  9:50  Marine x6  
  147  9:51  Medivac  
  160  9:55  Terran Infantry Armor Level 2  
  160  9:57  Terran Vehicle Weapons Level 1  
  160  9:59  SCV  
  161  10:05  Marine  
  162  10:15  Marine  
  162  10:16  Marine x4  
  162  10:17  Siege Tank  
  170  10:27  SCV  
  170  10:28  SCV  
  172  10:32  Marine x2  
  172  10:33  Marine x2  
  172  10:34  Marine x4  
  180  10:39  Barracks x2  
  180  10:41  Factory  
  180  10:43  Command Center  
  180  10:47  Supply Depot x2  
  180  10:50  Marine x2  
  176  11:07  Missile Turret  
  167  11:27  Marine x6  
  167  11:28  Siege Tank  
  167  11:29  Medivac x2  
  180  11:34  Barracks Reactor  
  180  11:35  Barracks Reactor  
  178  11:40  Factory  
  175  11:56  Marine x8  
  175  12:00  Siege Tank  
  186  12:04  Barracks  
  186  12:06  Orbital Command  
  186  12:14  Marine x2  
  187  12:21  Command Center  
  187  12:32  Siege Tank  
  187  12:39  Marine x12  
  187  12:42  Medivac x2  
  200  13:05  Factory Tech Lab  
Show
View Real Time Build Order
Export as new Build Order

LilDicky Terran 

Build Orders: Reaper Expand 

Get SALT Encoding   

  12  0:03  SCV  
  13  0:15  SCV  
  13  0:19  Supply Depot  
  14  0:29  SCV  
  15  0:40  Refinery  
  15  0:44  Barracks  
  15  0:46  SCV  
  16  0:58  SCV  
  17  1:10  SCV  
  18  1:22  SCV  
  19  1:32  Supply Depot  
  19  1:34  Orbital Command  
  19  1:36  Reaper  
  20  1:40  Refinery  
  20  2:04  SCV  
  20  2:06  Command Center  
  21  2:14  Factory  
  21  2:19  Marine  
  22  2:24  SCV  
  23  2:40  Marine  
  23  2:43  SCV  
  25  2:46  Supply Depot  
  25  2:58  Factory Tech Lab, Marine  
  26  3:00  SCV  
  26  3:02  Starport  
  27  3:12  SCV  
  29  3:24  SCV  
  29  3:31  Engineering Bay  
  29  3:33  Supply Depot  
  29  3:35  Orbital Command  
  29  3:38  Factory Tech Lab  
  29  3:42  Marine  
  33  3:55  SCV  
  31  3:57  Siege Tank  
  31  4:00  Medivac  
  31  4:01  SCV, Marine  
  38  4:13  Liberator  
  38  4:16  SCV x2  
  40  4:21  Marine  
  41  4:28  SCV  
  41  4:29  SCV, Siege Tank  
  49  4:35  Missile Turret  
  49  4:39  Marine  
  50  4:55  SCV  
  50  4:56  SCV  
  52  5:07  Marine  
  52  5:13  Viking  
  50  5:44  Viking  
  50  5:46  Siege Tank  
  51  5:50  Marine  
  52  5:58  SCV x2  
  52  6:03  Missile Turret x2  
  54  6:04  Refinery  
  54  6:05  Command Center  
  54  6:06  Refinery  
  54  6:08  Marine  
  54  6:10  SCV  
  56  6:30  Viking  
  58  6:33  Starport  
  58  6:34  SCV x2  
  58  6:36  Supply Depot  
  60  6:50  SCV x2  
  62  6:57  Siege Tank  
  62  7:00  Command Center  
  65  7:02  SCV x2  
  65  7:03  Starport Reactor  
  65  7:04  Barracks  
  65  7:06  Barracks  
  67  7:08  Marine  
  67  7:14  SCV  
  68  7:17  Starport Tech Lab  
  68  7:20  Supply Depot  
  68  7:21  SCV  
  70  7:26  SCV  
  70  7:28  Missile Turret, Orbital Command  
  70  7:33  SCV  
  70  7:35  Widow Mine  
  73  7:38  SCV  
  73  7:41  Cloaking Field  
  73  7:42  Banshee  
  77  7:45  SCV  
  77  7:46  Barracks Tech Lab  
  77  7:50  SCV  
  79  7:53  Supply Depot  
  79  7:54  SCV  
  79  7:57  Barracks Reactor x2, SCV  
  81  8:00  Supply Depot  
  81  8:02  SCV  
  82  8:05  Missile Turret  
  82  8:06  SCV, Barracks  
  82  8:09  SCV  
  82  8:11  Barracks  
  82  8:12  Barracks  
  84  8:18  Orbital Command  
  84  8:25  Marine  
  84  8:26  Refinery  
  85  8:27  Refinery  
  85  8:32  Banshee, Viking x2  
  92  8:43  Marine  
  93  8:55  Supply Depot  
  93  8:56  Barracks Tech Lab  
  93  8:58  Stimpack  
  93  9:00  Marine  
  93  9:01  Barracks Reactor, Sensor Tower  
  93  9:02  Barracks Reactor  
  94  9:03  Supply Depot  
  94  9:05  Barracks  
  94  9:06  Barracks  
  94  9:07  Terran Infantry Weapons Level 1  
  94  9:11  Engineering Bay  
  94  9:12  Barracks, Marine x2  
  94  9:14  Viking  
  94  9:15  Banshee, Viking, Marine  
  94  9:16  Armory, Marine x2  
  106  9:23  SCV x3  
  109  9:24  SCV  
  109  9:26  Marine  
  109  9:30  Marine x2  
  113  9:33  Marine x2  
  113  9:34  Marine  
  116  9:44  Marine  
  117  9:48  Marine  
  117  9:51  Viking x2  
  117  9:52  Marine x3  
  123  9:53  Marine  
  123  9:54  Marauder  
  123  9:57  Marine x2  
  123  9:58  Marine  
  131  10:02  Marine x2  
  132  10:12  Banshee  
  132  10:13  Marine x3  
  138  10:14  Marine  
  139  10:22  Marine  
  139  10:25  Barracks Reactor  
  139  10:26  Barracks Reactor x2  
  140  10:40  Marauder x2, Marine x3  
  140  10:41  Terran Infantry Armor Level 1  
  147  10:49  Supply Depot  
  147  10:52  Supply Depot  
  147  10:54  Supply Depot  
  147  11:00  Supply Depot  
  144  11:33  Banshee, Viking  
  144  11:34  Viking  
  144  11:35  Marine  
  144  11:36  Marine x11  
  144  11:37  Marauder x2  
  157  11:57  Marine  
  157  11:58  Marine  
  159  12:03  Medivac  
  159  12:04  Medivac  
  163  12:16  Medivac  
  165  12:33  Medivac  
  167  12:42  Marine x2  
  167  12:43  Marine x5  
  168  12:44  Marauder x2  
  168  12:47  Marine x5  
  168  12:48  Marine  
  174  12:56  Marine  
  175  12:59  Barracks x2  
  175  13:00  Barracks x2, Marine x4  
  175  13:01  Marine  
  174  13:14  Command Center  
  174  13:17  Command Center  
Tags
 
Add a new tag
Caveats
  • Supply blocks, unpowered buildings, or Contaminate may cause inaccurate times.
  • Supply counts are checked every 10 seconds.